 Dungeon Crawl Stone Soup version 0.22.1-2-g9c5b331 (webtiles) character file.

593 havocjr2 the Sneak (level 7, 0/51 HPs)
             Began as a Gnoll Enchanter on Dec 24, 2018.
             Killed by nerve-wracking pain
             ... invoked by an orc priest
              (11 damage)
             ... on level 4 of the Dungeon.
             The game lasted 00:37:52 (4114 turns).

havocjr2 the Sneak (Gnoll Enchanter)                Turns: 4114, Time: 00:37:53

Health: 0/51       AC:  3    Str: 10    XL:     7   Next: 39%
Magic:  4/15       EV: 15    Int: 22    God:
Gold:   139        SH:  0    Dex: 14    Spells: 5/17 levels left

rFire    . . .     SeeInvis .   v - +1 quarterstaff of Kaddud {speed, -Tele +Inv rC++ Dex-2} (curse)
rCold    + + .     Gourm    .   (shield currently unavailable)
rNeg     . . .     Faith    .   b - +0 robe
rPois    .         Spirit   .   e - +1 hat {Int+3}
rElec    .         Reflect  .   g - scarf {cloud immunity}
rCorr    .         Harm     .   (no gloves)
MR       .....     NoTele   +   (no boots)
Stlth    +++.......             (no amulet)
HPRegen  0.17/turn              (no ring)
MPRegen  0.14/turn              (no ring)

@: very slightly contaminated, invisible
A: distributed training, fangs 1, strong nose
a: no special abilities


You were on level 4 of the Dungeon.
You were hungry.

You visited 1 branch of the dungeon, and saw 4 of its levels.

You collected 139 gold pieces.

Inventory:

Hand Weapons
 a - a +2 dagger
 j - a +1 whip of electrocution
 n - a +2 trident of flaming
 o - a cursed +0 hand axe
 v - the cursed +1 quarterstaff of Kaddud (weapon) {speed, -Tele +Inv rC++ Dex-2}
   (You found it on level 4 of the Dungeon)

   Attacks with this weapon are significantly faster.
   It affects your dexterity (-2).
   It greatly protects you from cold.
   It lets you turn invisible.
   It prevents most forms of teleportation.
   It has a curse placed upon it.
Missiles
 k - 66 stones (quivered)
Armour
 b - a +0 robe (worn)
 e - a +1 hat of intelligence (worn)
 g - a scarf of cloud immunity (worn)
Wands
 h - a wand of random effects (25)
 s - a wand of polymorph (11)
 u - a wand of paralysis (10)
Scrolls
 p - 2 scrolls of identify
Potions
 c - a potion of resistance {unknown}
 f - a potion of ambrosia {unknown}
 i - a potion of lignification {unknown}
 l - 2 potions of might
 w - a potion of mutation {unknown}
Comestibles
 d - 9 rations
 m - a chunk of flesh


   Skills:
 + Level 2.4 Fighting
 + Level 3.5 Short Blades
 + Level 2.4 Long Blades
 + Level 2.4 Axes
 + Level 2.4 Maces & Flails
 + Level 2.4 Polearms
 + Level 2.4 Staves
 + Level 2.4 Slings
 + Level 2.4 Bows
 + Level 2.4 Crossbows
 + Level 2.4 Throwing
 + Level 2.4 Armour
 + Level 5.2 Dodging
 + Level 6.5 Stealth
 + Level 2.4 Shields
 + Level 2.4 Unarmed Combat
 + Level 5.6 Spellcasting
 + Level 2.0 Conjurations
 + Level 5.8 Hexes
 + Level 2.0 Charms
 + Level 2.0 Summonings
 + Level 2.0 Necromancy
 + Level 2.0 Translocations
 + Level 2.0 Transmutations
 + Level 2.0 Fire Magic
 + Level 2.0 Ice Magic
 + Level 2.0 Air Magic
 + Level 2.0 Earth Magic
 + Level 2.0 Poison Magic
 + Level 2.6 Invocations
 + Level 2.4 Evocations


You had 5 spell levels left.
You knew the following spells:

 Your Spells              Type           Power        Failure   Level  Hunger
a - Corona                Hex            ####...      1%          1    None
b - Confuse               Hex            ####....     2%          3    ##.....
c - Tukima's Dance        Hex            ####....     2%          3    ##.....
d - Ensorcelled Hibernat  Hex/Ice        ###...       3%          2    None
e - Dazzling Spray        Conj/Hex       ###...       6%          3    ##.....

Your spell library contained the following spells:

 Spells                   Type           Power        Failure   Level  Hunger


Dungeon Overview and Level Annotations

Branches:
Dungeon (4/15)
 Temple: D:4-7

Altars:
Fedhas

Shops:
D:4 }


Innate Abilities, Weirdness & Mutations

Your experience applies equally to all skills.
You have very sharp teeth.
Your uncanny sense of smell can sniff out nearby items.


Message History

Your Earth Magic skill increases to level 2!
Your Poison Magic skill increases to level 2!
You feel a bit more experienced. The orc barely misses you.
You hit the orc.
The orc is lightly wounded.
The orc completely misses you.
You hit the orc.
The orc is almost dead.
The orc hits you with a whip!
* * * LOW HITPOINT WARNING * * *
You hit the orc.
You kill the orc!
The orc priest barely misses you. The orc hits you with a whip.
* * * LOW HITPOINT WARNING * * *
Things that are here:
a dagger; a robe; an orc corpse You barely miss the orc priest.
The orc priest mumbles some strange prayers to Beogh against you.
Pain shoots through your body!
You die...

...#..##..##.#...................
.#.....#[.##...............#.....
.#........###..#..........##.....
...##.##...###.#.#...#......>....
..###.##.#.# #.....###.#.####.#..
.##........###..##.# #.#.# #.#.#
...∩...........).#.# #.#<# #....
............)...o#.###.#.# #..#.
............#.##@#...#.#.# #.##.
............#.##.o.....#.# ##.###
..............#####....#.###..###
.............###.......#.##..###.
...........#...#.................
.........oo.##.#............#####
............ ........#......#
###...... .. ###......#.####.# #
..... #......#.# #.####


You could see an orc priest and an orc.

Vanquished Creatures
  2 ogres (D:4)
  2 hounds (D:4)
  An orc priest (D:3)
  Jessica (D:3)
  Ijyb (D:3)
  An orc wizard (D:4)
  5 adders
  An ooze (D:3)
  3 worms
  A leopard gecko (D:3)
  6 orcs
  5 giant cockroaches
  3 goblins (D:3)
  6 hobgoblins
  4 jackals (D:2)
  A ball python (D:4)
  7 bats
  2 frilled lizards
  6 kobolds
  4 rats
62 creatures vanquished.

Vanquished Creatures (collateral kills)
  Sigmund (D:3)
  An ogre (D:4)
  Terence (D:3)
  2 orcs (D:4)
  A bat (D:2)
  A goblin (D:3)
7 creatures vanquished.

Vanquished Creatures (others)
  2 dancing weapons
2 creatures vanquished.

Grand Total: 71 creatures vanquished

Notes
Turn   | Place    | Note
-------+----------+-------------------------------------------
     0 | D:1      | havocjr2 the Gnoll Enchanter began the quest for the Orb.
     0 | D:1      | Reached XP level 1. HP: 13/13 MP: 6/6
   243 | D:1      | Reached XP level 2. HP: 19/19 MP: 7/7
   890 | D:2      | Reached XP level 3. HP: 23/25 MP: 9/9
   898 | D:2      | Reached skill level 5 in Spellcasting
  1024 | D:2      | Learned a level 3 spell: Confuse
  1028 | D:2      | Learned a level 3 spell: Tukima's Dance
  1031 | D:2      | Learned a level 2 spell: Ensorcelled Hibernation
  1035 | D:2      | Learned a level 3 spell: Dazzling Spray
  1441 | D:2      | Reached skill level 6 in Stealth
  1456 | D:2      | Reached skill level 1 in Invocations
  1540 | D:2      | Reached skill level 1 in Fighting
  1540 | D:2      | Reached skill level 1 in Long Blades
  1540 | D:2      | Reached skill level 1 in Axes
  1540 | D:2      | Reached skill level 1 in Maces & Flails
  1540 | D:2      | Reached skill level 1 in Polearms
  1540 | D:2      | Reached skill level 1 in Staves
  1540 | D:2      | Reached skill level 1 in Slings
  1540 | D:2      | Reached skill level 1 in Bows
  1540 | D:2      | Reached skill level 1 in Crossbows
  1540 | D:2      | Reached skill level 1 in Throwing
  1540 | D:2      | Reached skill level 1 in Armour
  1540 | D:2      | Reached skill level 1 in Shields
  1540 | D:2      | Reached skill level 1 in Unarmed Combat
  1540 | D:2      | Reached skill level 1 in Evocations
  1877 | D:3      | Noticed Sigmund
  1901 | D:3      | Killed Sigmund
  1901 | D:3      | Reached skill level 1 in Conjurations
  1901 | D:3      | Reached skill level 1 in Charms
  1901 | D:3      | Reached skill level 1 in Summonings
  1901 | D:3      | Reached skill level 1 in Necromancy
  1901 | D:3      | Reached skill level 1 in Translocations
  1901 | D:3      | Reached skill level 1 in Transmutations
  1901 | D:3      | Reached skill level 1 in Fire Magic
  1901 | D:3      | Reached skill level 1 in Ice Magic
  1901 | D:3      | Reached skill level 1 in Air Magic
  1901 | D:3      | Reached skill level 1 in Earth Magic
  1901 | D:3      | Reached skill level 1 in Poison Magic
  1901 | D:3      | Reached XP level 4. HP: 18/32 MP: 7/11
  1901 | D:3      | Reached XP level 5. HP: 21/37 MP: 7/12
  1931 | D:3      | Noticed Terence
  1946 | D:3      | Killed Terence
  2419 | D:3      | Reached XP level 6. HP: 32/44 MP: 8/13
  2613 | D:3      | Noticed Jessica
  2621 | D:3      | Killed Jessica
  2795 | D:3      | Found a blossoming altar of Fedhas.
  3010 | D:3      | Noticed Ijyb
  3013 | D:3      | Paralysed by Ijyb for 3 turns
  3023 | D:3      | Paralysed by Ijyb for 6 turns
  3032 | D:3      | Killed Ijyb
  3032 | D:3      | Reached skill level 5 in Dodging
  3340 | D:4      | Found Qex Soti's Gadget Shop.
  3759 | D:4      | Got a smoking quarterstaff
  3760 | D:4      | Identified the cursed +1 quarterstaff of Kaddud {speed,
                  | -Tele +Inv rC++ Dex-2} (You found it on level 4 of the
                  | Dungeon)
  3819 | D:4      | Reached XP level 7. HP: 50/50 MP: 3/15
  4114 | D:4      | Killed from afar by an orc priest

Skill      XL: |  1  2  3  4  5  6  7 |
---------------+----------------------+-----
Spellcasting   | 5 |  5.6
Stealth        | 6 |  6.5
Invocations    | 1 2 |  2.6
Fighting       | 1 2 |  2.4
Long Blades    | 1 2 |  2.4
Axes           | 1 2 |  2.4
Maces & Flails | 1 2 |  2.4
Polearms       | 1 2 |  2.4
Staves         | 1 2 |  2.4
Slings         | 1 2 |  2.4
Bows           | 1 2 |  2.4
Crossbows      | 1 2 |  2.4
Throwing       | 1 2 |  2.4
Armour         | 1 2 |  2.4
Shields        | 1 2 |  2.4
Unarmed Combat | 1 2 |  2.4
Evocations     | 1 2 |  2.4
Short Blades   | 3 |  3.5
Conjurations   | 1 2 |  2.0
Charms         | 1 2 |  2.0
Summonings     | 1 2 |  2.0
Necromancy     | 1 2 |  2.0
Translocations | 1 2 |  2.0
Transmutations | 1 2 |  2.0
Fire Magic     | 1 2 |  2.0
Ice Magic      | 1 2 |  2.0
Air Magic      | 1 2 |  2.0
Earth Magic    | 1 2 |  2.0
Poison Magic   | 1 2 |  2.0
Dodging        | 5 |  5.2
Hexes          | |  5.8

Action                   |  1- 3 |  4- 6 |  7- 9 || total
-------------------------+-------+-------+-------++-------
Melee: Dagger            |   133 |    92 |       ||   225
       Bite              |    13 |    17 |     1 ||    31
       Whip              |       |    36 |       ||    36
       Quarterstaff      |       |     3 |    32 ||    35
Throw: Stone             |     4 |     7 |    16 ||    27
 Cast: Tukima's Dance    |     4 |    15 |     2 ||    21
       Confuse           |     3 |    10 |     5 ||    18
       Ensorcelled Hiber |     3 |     2 |       ||     5
 Abil: Evoke Invisibilit |       |       |     1 ||     1
  Use: Scroll            |       |     1 |     5 ||     6
       Potion            |       |       |     2 ||     2
 Stab: Sleeping          |    13 |     3 |     2 ||    18
       Confused          |     1 |     2 |     1 ||     4
  Eat: Chunk             |     3 |     8 |     1 ||    12
Armor: Robe              |     8 |    24 |     4 ||    36
Dodge: Dodged            |   111 |   126 |    22 ||   259
